 Dungeon Crawl Stone Soup version 0.27.0-1-g7a089689b8 (webtiles) character file.

Game seed: 11531725041751384089

5190 rjrrt the Cleaver (level 10, -4/84 HPs)
             Began as a Minotaur Gladiator on Aug 11, 2021.
             Was a High Priest of Nemelex Xobeh.
             Slain by a cane toad (6 damage)
             ... on level 1 of the Lair of Beasts.
             The game lasted 00:23:51 (9853 turns).

rjrrt the Cleaver (Minotaur Gladiator)              Turns: 9853, Time: 00:23:52

Health: -4/84      AC: 17    Str: 28 (29) XL:     10   Next: 34%
Magic:  14/14      EV:  9    Int:  5      God:    Nemelex Xobeh [*****.]
Gold:   311        SH:  0    Dex: 11      Spells: 9/9 levels left

rFire    . . .     SeeInvis .   a - +5 battleaxe
rCold    . . .     Faith    .   (shield currently unavailable)
rNeg     . . .     Spirit   .   l - +0 plate armour
rPois    .         Reflect  .   c - +1 hat
rElec    .         Harm     .   (no cloak)
rCorr    .         Rampage  .   g - +2 pair of gloves
Will     .....                  (no boots)
Stlth    ..........             (no amulet)
HPRegen  0.24/turn              i - +6 ring of strength
MPRegen  0.14/turn              (no ring)

@: lethally poisoned (-4 -> -40), marked
A: horns 2, retaliatory headbutt, clumsy 1, strong 1
a: Renounce Religion, Draw Escape, Draw Destruction, Draw Summoning, Triple
Draw, Deal Four, Stack Five


You were on level 1 of the Lair of Beasts.
You worshipped Nemelex Xobeh.
Nemelex Xobeh was extremely pleased with you.
You visited 2 branches of the dungeon, and saw 10 of its levels.

You collected 389 gold pieces.
You spent 78 gold pieces at shops.

Inventory:

Hand Weapons
 a - a +5 battleaxe (weapon)
 b - a +1 trident of venom
Missiles
 d - 3 throwing nets
 p - a poisoned dart (quivered)
 z - a curare-tipped dart
Armour
 c - a +1 hat (worn)
 g - a +2 pair of gloves (worn)
 l - a +0 plate armour (worn)
Jewellery
 e - a +6 ring of intelligence
 i - a +6 ring of strength (left hand)
Wands
 k - a wand of paralysis (9)
 u - a wand of flame (16)
 x - a wand of iceblast (12)
Potions
 f - 2 potions of haste
 h - a potion of magic
 j - 3 potions of attraction
 m - 3 potions of flight
 q - 5 potions of lignification
 s - a potion of invisibility
 t - a potion of heal wounds {unknown}
 v - a potion of berserk rage {unknown}


   Skills:
 + Level 6.9 Fighting
 * Level 12.4 Axes
 - Level 2.0 Throwing
 + Level 6.2 Armour
 - Level 5.0 Dodging
 * Level 7.3 Invocations
 + Level 2.2 Evocations


You had 9 spell levels left.
You didn't know any spells.
Your spell library contained the following spells:

 Spells                   Type           Power      Damage    Failure   Level
 Beastly Appendage        Tmut           0%         N/A       99%         1
 Magic Dart               Conj           0%         1d3       99%         1
 Call Imp                 Summ           0%         N/A       100%        2
 Slow                     Hex            0%         N/A       100%        2
 Wereblood                Tmut           0%         N/A       100%        2
 Confusing Touch          Hex            0%         N/A       100%        3
 Mephitic Cloud           Conj/Pois/Air  0%         N/A       100%        3
 Spider Form              Tmut/Pois      0%         N/A       100%        3
 Yara's Violent Unravell  Hex/Tmut       0%         3d3       100%        5


Dungeon Overview and Level Annotations

Branches:
Dungeon (8/15)             Temple (0/1) D:7            Lair (2/6) D:8
  Swamp: Lair:2-4    Shoals: Lair:2-4     Snake: Lair:2-4    Spider: Lair:2-4

Altars:
Cheibriados
Fedhas
Gozag
Kikubaaqudgha
Nemelex Xobeh
Okawaru
Uskayaw
Vehumet
Wu Jian
The Shining One

Shops:
D:3 (   D:4 *   D:5 =


Innate Abilities, Weirdness & Mutations

You have a pair of horns on your head.
You reflexively headbutt those who attack you in melee.
You are clumsy. (Dex -2)
Your muscles are strong. (Str +2)


Message History

Unknown command.
You are too injured to fight recklessly!
Unknown command.
You are too injured to fight recklessly!
Unknown command.
You are too injured to fight recklessly!
You barely miss the cane toad. You slash the yak!
You kill the yak!
You feel very sick. The cane toad closely misses you.
Unknown command.
You completely miss the cane toad. Your headbutt misses the cane toad.
You feel very sick.
The cane toad stings you but does no damage.
Unknown command.
Unknown command.
You slash the cane toad! You headbutt the cane toad.
The cane toad is heavily wounded.
You feel sick. The cane toad stings you.
* * * LOW HITPOINT WARNING * * *
The cane toad stings you.
* * * LOW HITPOINT WARNING * * *
You are lethally poisoned!
The cane toad poisons you!
You closely miss the cane toad. Your headbutt misses the cane toad.
The cane toad is heavily wounded.
* * * LOW HITPOINT WARNING * * *
You feel very sick. The cane toad stings you.
* * * LOW HITPOINT WARNING * * *
You are more poisoned.
The cane toad poisons you!
You closely miss the cane toad.
You headbutt the cane toad, but do no damage.
The cane toad is heavily wounded.
* * * LOW HITPOINT WARNING * * *
You feel extremely sick. The cane toad stings you.
You die...
Your body glows with a rainbow of weird colours and disappears.

....+.......÷.#...#..............
....#...8...+...8.......8...###..
............#....................
............#.#...#.#.#.###......
....##......##.....#.......#.....
#####.##.....###.###..######.....
#.###..#......#...##.##P####.....
................†................
.............#8.@.8..............
........#...##.F.................
...........##...8..#.............
...............#..#..............
.......................).........
.......#####..##########....#####
......#### #..##.#### ###..#####
......##.###..##....###.P..P##.##
..............#...#..............


You could see a cane toad.

Vanquished Creatures
  A cane toad (Lair:2)
  A meliai (Lair:1)
  Sigmund (D:4)
  5 yaks
  Eustachio (D:4)
  A basilisk (Lair:1)
  A golden eye (Lair:1)
  2 steam dragons (D:7)
  An acid dragon (D:6)
  2 water moccasins
  A black bear (D:6)
  2 orc warriors
  2 ogres
  2 necrophages (D:6)
  A centaur (D:6)
  3 kobold brigands
  5 bullfrogs
  4 scorpions
  A water moccasin skeleton (D:5)
  5 wights (D:6)
  2 bullfrog zombies
  3 jellies
  2 hounds (D:5)
  2 centaur skeletons (D:7)
  4 orc priests
  A bullfrog skeleton (D:6)
  Jessica (D:3)
  2 iguanas (D:4)
  Ijyb (D:5)
  6 orc wizards
  A howler monkey zombie (D:5)
  4 adders
  3 gnolls (D:5)
  An ufetubus (D:5)
  A worm (D:3)
  4 dart slugs
  17 orcs
  6 ball pythons
  3 endoplasms
  2 giant cockroaches
  14 goblins
  5 hobgoblins
  7 jackals
  10 quokkas
  6 bats
  2 frilled lizards (D:2)
  19 kobolds
  6 rats
177 creatures vanquished.

Vanquished Creatures (collateral kills)
  Prince Ribbit (D:6)
  Menkaure (D:6)
  Blork the orc (D:4)
  An orc (D:6)
4 creatures vanquished.

Vanquished Creatures (others)
  3 fungi
  6 plants
  A withered plant (D:3)
10 creatures vanquished.

Grand Total: 191 creatures vanquished

Notes
Turn   | Place    | Note
-------+----------+-------------------------------------------
     0 | D:1      | rjrrt the Minotaur Gladiator began the quest for the Orb.
     0 | D:1      | Reached XP level 1. HP: 18/18 MP: 0/0
   104 | D:1      | Reached skill level 4 in Axes
   220 | D:1      | Reached XP level 2. HP: 21/25 MP: 1/1
   608 | D:1      | Reached skill level 5 in Axes
   775 | D:1      | Reached XP level 3. HP: 25/30 MP: 2/2
  1165 | D:2      | Found a faded altar of an unknown god.
  1182 | D:2      | Became a worshipper of Nemelex Xobeh the Trickster
  1182 | D:2      | Reached * piety under Nemelex Xobeh
  1247 | D:2      | Received a gift from Nemelex Xobeh
  1933 | D:3      | Reached ** piety under Nemelex Xobeh
  1945 | D:3      | Reached XP level 4. HP: 32/37 MP: 3/3
  2092 | D:3      | Reached skill level 6 in Axes
  2092 | D:3      | Reached skill level 1 in Invocations
  2203 | D:3      | Found Taol Capsuf's Antique Weapon Emporium.
  2274 | D:3      | Reached XP level 5. HP: 42/42 MP: 5/5
  2420 | D:3      | Found an ancient bone altar of Kikubaaqudgha.
  2444 | D:3      | Received a gift from Nemelex Xobeh
  2494 | D:3      | Noticed Jessica
  2496 | D:3      | Killed Jessica
  2497 | D:3      | Reached skill level 7 in Axes
  2506 | D:3      | Found an iron altar of Okawaru.
  2583 | D:4      | Found Vyodig's Assorted Antiques.
  2583 | D:4      | Noticed Eustachio
  2596 | D:4      | Killed Eustachio
  2597 | D:4      | Reached XP level 6. HP: 43/50 MP: 5/7
  2600 | D:4      | Bought a scroll labelled NAGUOSHR MELOCIH for 27 gold
                  | pieces
  2600 | D:4      | Bought a scroll labelled YRCHIO MUSUOPP for 27 gold pieces
  2600 | D:4      | Bought a fuming emerald potion for 24 gold pieces
  2856 | D:4      | Found a sparkling altar of Nemelex Xobeh.
  2856 | D:4      | Found an opulent altar of Gozag.
  2954 | D:4      | Found a glowing golden altar of the Shining One.
  3029 | D:4      | Noticed Blork the orc
  3044 | D:4      | Killed Blork the orc
  3045 | D:4      | Reached skill level 8 in Axes
  3088 | D:4      | Found a hide-covered altar of Uskayaw.
  3119 | D:4      | Noticed Sigmund
  3128 | D:4      | Killed Sigmund
  3129 | D:4      | Reached XP level 7. HP: 48/56 MP: 8/8
  3406 | D:4      | Reached *** piety under Nemelex Xobeh
  3874 | D:5      | Entered Level 5 of the Dungeon
  3874 | D:5      | Received a gift from Nemelex Xobeh
  3907 | D:5      | Reached skill level 9 in Axes
  3995 | D:5      | Found Hokk's Jewellery Shoppe.
  4317 | D:5      | Reached skill level 1 in Armour
  4588 | D:5      | Found a radiant altar of Vehumet.
  4807 | D:5      | Reached **** piety under Nemelex Xobeh
  4814 | D:5      | Noticed Ijyb
  4821 | D:5      | Killed Ijyb
  4976 | D:6      | Noticed Prince Ribbit
  4982 | D:5      | Reached XP level 8. HP: 56/63 MP: 10/10
  5052 | D:6      | Received a gift from Nemelex Xobeh
  5299 | D:6      | Reached skill level 10 in Axes
  5305 | D:6      | Noticed Menkaure
  5309 | D:6      | HP: 1/66 [Menkaure/nerve-wracking pain (13)]
  5311 | D:6      | Killed Menkaure
  5341 | D:6      | Killed Prince Ribbit
  5566 | D:6      | Reached skill level 5 in Invocations
  5722 | D:6      | Noticed a gargoyle
  5728 | D:6      | Reached skill level 5 in Dodging
  5998 | D:7      | Reached XP level 9. HP: 71/73 MP: 11/11
  6032 | D:7      | Reached skill level 5 in Fighting
  6478 | D:7      | Reached skill level 11 in Axes
  6655 | D:7      | Found a staircase to the Ecumenical Temple.
  7231 | D:7      | Found a blossoming altar of Fedhas.
  7444 | D:6      | Reached skill level 5 in Armour
  7654 | D:5      | Found a snail-covered altar of Cheibriados.
  8086 | D:7      | Reached skill level 1 in Evocations
  8499 | D:8      | Found a staircase to the Lair.
  8515 | Lair:1   | Entered Level 1 of the Lair of Beasts
  8515 | Lair:1   | Received a gift from Nemelex Xobeh
  8515 | Lair:1   | Noticed a rime drake
  8519 | Lair:1   | Noticed a meliai
  8519 | Lair:1   | a rime drake changed into a meliai
  8527 | Lair:1   | Killed a meliai
  8528 | Lair:1   | Reached skill level 12 in Axes
  8528 | Lair:1   | Reached XP level 10. HP: 19/84 MP: 13/13
  8662 | Lair:1   | Gained mutation: You are clumsy. (Dex -2) [potion of
                  | mutation]
  8662 | Lair:1   | Gained mutation: Your muscles are strong. (Str +2) [potion
                  | of mutation]
  9034 | Lair:1   | Reached ***** piety under Nemelex Xobeh
  9163 | Lair:1   | Received a gift from Nemelex Xobeh
  9433 | Lair:1   | Found a hide-covered altar of Uskayaw.
  9434 | Lair:1   | Found an ornate altar of the Wu Jian Council.
  9435 | Lair:1   | Noticed a boulder beetle
  9458 | Lair:1   | Received a gift from Nemelex Xobeh
  9810 | Lair:2   | Noticed a cane toad
  9815 | Lair:2   | Killed a cane toad
  9831 | Lair:2   | Noticed a cane toad
  9846 | Lair:2   | Noticed a cane toad
  9853 | Lair:1   | HP: 2/84 [poisoned by a cane toad]
  9853 | Lair:1   | Slain by a cane toad

Illustrated notes

Levels and vault maps discovered:
D:1:      heliophobic_arrival_henge, layout_loops_corners, minivault_26
D:2:      layout_basic, hellmonk_ecumenical_altar_zigzags,
          chequers_serial_rivers_large_b, minmay_misc_feat_room
D:3:      layout_rooms, kiku_gazebo_garden_becter, overflow_temple_1_default,
          serial_shops, nicolae_shop_behind_doors, minivault_26, uniq_jessica
D:4:      layout_gridville, grunt_temple_overflow_opulence, tso_metal_star,
          nicolae_uskayaw_dance_hall, serial_shops, shop, solitary_fountain,
          lemuel_flame_loot_1, uniq_blork_the_orc, uniq_sigmund, uniq_eustachio
D:5:      layout_gridville, mainiacjoe_overflow_alcove_1, fiery_altar_vehumet,
          serial_shops, kennysheep_mini_moat, minmay_ogre_servants, uniq_ijyb
D:6:      minmay_cornered_nines, layout_rooms, uniq_menkaure,
          uniq_prince_ribbit1
D:7:      layout_loops_corners, mainiacjoe_overflow_small_starburst,
          temple_doors_cd
D:8:      layout_basic, mainiacjoe_overflow_tiny_flanked,
          grunt_temple_overflow_diamond, lair_entry_dummy
Lair:1:   layout_long_grid, nzn_masters_of_martial_movement, grunt_megastairs_1
Lair:2:   layout_roguey

Skill      XL: |  1  2  3  4  5  6  7  8  9 10 |
---------------+-------------------------------+-----
Axes           | 4 5 6 7 8 9 10 12 | 12.4
Invocations    | 1 2 3 4 5 6 7 |  7.3
Armour         | 1 3 5 6 |  6.2
Fighting       | 3 4 6 |  6.9
Dodging        | 5 |  5.0
Evocations     | 1 2 |  2.2
Throwing       | |  2.0

Action                   |  1- 3 |  4- 6 |  7- 9 | 10-12 || total
-------------------------+-------+-------+-------+-------++-------
Melee: War axe           |    82 |    58 |   253 |     9 ||   402
       Headbutt          |    10 |     8 |    52 |     7 ||    77
       Battleaxe         |       |       |       |    28 ||    28
Throw: Dart              |       |     7 |    42 |       ||    49
Invok: Draw Destruction  |     2 |     7 |    14 |       ||    23
       Draw Summoning    |       |     2 |     1 |       ||     3
Evoke: Wand              |       |       |     1 |       ||     1
  Use: Scroll            |       |     9 |     9 |     3 ||    21
       Potion            |       |       |     3 |     2 ||     5
 Stab: Sleeping          |     1 |       |       |       ||     1
Armor: Leather armour    |    14 |       |       |       ||    14
       Chain mail        |    15 |    25 |    29 |       ||    69
       Plate armour      |       |       |   127 |    19 ||   146
Dodge: Dodged            |    61 |    35 |   112 |    13 ||   221
